 Dungeon Crawl Stone Soup version 0.19-a0-1792-g28b16ba (webtiles) character file.

57 Alarkh the Grave Robber (level 3, 0/24 HPs)
             Began as a Mummy Necromancer on Oct 4, 2016.
             Slain by twist's ghost (2 damage)
             ... on level 3 of the Dungeon.
             The game lasted 00:02:50 (1665 turns).

Alarkh the Grave Robber (Mummy Necromancer)         Turns: 1665, Time: 00:02:51

Health: 0/24       AC:  3    Str: 11    XL:     3   Next: 73%
Magic:  7/7        EV: 12    Int: 15    God:
Gold:   78         SH:  0    Dex: 12    Spells: 2 memorised, 4 levels left

rFire  x . .     SeeInvis .     i - +0 flail
rCold  + . .     Gourm    .     a - +1 robe
rNeg   + + +     Faith    .     (no shield)
rPois  ∞         Spirit   .     (no helmet)
rElec  .         Dismiss  .     (no cloak)
rCorr  .         Reflect  .     (no gloves)
MR     .....     Harm     .     (no boots)
Stlth  ++........               (no amulet)
                                (no ring)
                                (no ring)

@: no status effects
A: no food or potions, fire vulnerability, cold resistance 1, negative energy
resistance 3, torment resistance, unbreathing
a: no special abilities


You were on level 3 of the Dungeon.
You were not hungry.

You visited 1 branch of the dungeon, and saw 3 of its levels.

You collected 78 gold pieces.

Inventory:

Hand Weapons
 c - a +0 short sword
 i - a +0 flail (weapon)
Armour
 a - a +1 robe (worn)
Jewellery
 g - an uncursed ring of fire {unknown}
Scrolls
 e - 3 scrolls of enchant armour
Books
 b - a book of Necromancy

   Spells                             Type                      Level
   a - Pain                           Necromancy                   1
   b - Animate Skeleton               Necromancy                   1
   c - Vampiric Draining              Necromancy                   3
   d - Regeneration                   Charms/Necromancy            3
   e - Animate Dead                   Necromancy                   4
   f - Control Undead                 Necromancy                   4


   Skills:
 - Level 1.5 Dodging
 - Level 1.5 Stealth
 + Level 3.0 Spellcasting
 + Level 4.8 Necromancy


You had 4 spell levels left.
You knew the following spells:

 Your Spells              Type           Power        Failure   Level  Hunger
a - Pain                  Necr           ###.         2%          1    N/A
b - Vampiric Draining     Necr           ###.......   10%         3    N/A

Dungeon Overview and Level Annotations

Branches:
Dungeon (3/15)

Altars:

Annotations:
D:3 twist's ghost, amateur OgHu


Innate Abilities, Weirdness & Mutations

You do not eat or drink.
Your flesh is vulnerable to fire.
You are immune to poison.
Your flesh is cold resistant. (rC+)
You are immune to negative energy. (rN+++)
You are immune to unholy pain and torment.
You can survive without breathing.


Message History

Twist's ghost hits you.
You sock twist's ghost!
Twist's ghost is severely damaged.
Twist's ghost barely misses you. Twist's ghost misses you.
You hit twist's ghost but do no damage.
Twist's ghost is severely damaged.
You hear the brisk rusting of a drain nearby.
Twist's ghost completely misses you.
You completely miss twist's ghost.
Twist's ghost is severely damaged.
Twist's ghost closely misses you.
You hit twist's ghost but do no damage.
Twist's ghost is severely damaged.
Twist's ghost hits you.
* * * LOW HITPOINT WARNING * * *
Twist's ghost hits you but does no damage.
You barely miss twist's ghost.
Twist's ghost is severely damaged.
Twist's ghost hits you.
You die...

#####.# #.....#
#.# #####.# #.#
####.####.#
#......##.# ###
####...##.###.#
##......##.##...
###..........#....
#@######...W......
#W# #.#####!...
#§# #.# ##.<. #.#
#.# ##[# #.# #.#
### #.# #.# ## #.#
#.# . #.######W#
.#
#.#......##.####.


You could see twist's ghost.

Vanquished Creatures
  A gnoll (D:3)
  An adder (D:2)
  A dart slug (D:2)
  2 leopard geckos
  3 bats
  2 giant cockroaches
  2 goblins (D:1)
  4 hobgoblins
  4 jackals
  A quokka (D:3)
  3 frilled lizards
  7 kobolds
  4 rats
35 creatures vanquished.

Notes
Turn   | Place    | Note
-------+----------+-------------------------------------------
     0 | D:1      | Alarkh the Mummy Necromancer began the quest for the Orb.
     0 | D:1      | Reached XP level 1. HP: 13/13 MP: 3/3
   245 | D:1      | Reached XP level 2. HP: 15/19 MP: 5/5
   898 | D:2      | Reached XP level 3. HP: 24/24 MP: 0/7
   903 | D:2      | Learned a level 3 spell: Vampiric Draining
  1243 | D:3      | Noticed twist's ghost (amateur OgHu)
  1665 | D:3      | Slain by twist's ghost

Vault maps used:
D:1:      dpeg_arrival_court
D:2:      uniq_jessica
D:3:      gup_sewer_entry_bubbles, trog_three_pillars_becter

Skill      XL: |  1  2  3 |
---------------+----------+-----
Spellcasting   | 3 |  3.0
Dodging        | |  1.5
Stealth        | |  1.5
Necromancy     | |  4.8

Action                   || total
-------------------------++-------
Melee: Short sword       ||    19
       Unarmed           ||     4
       Flail             ||    11
 Cast: Pain              ||    56
  Use: Scroll            ||     4
 Stab: Sleeping          ||     3
Armor: Robe              ||    15
Dodge: Dodged            ||    43
